 Seeded DCSS version 0.30-a0-137-gd8773701ce (webtiles) character file.

Game seed: 13425274819909471 (custom seed)

2252 SigmundSlayer the Digger (level 9, -9/57 HPs)
             Began as a Demonspawn Earth Elementalist on Sept 21, 2022.
             Was a Follower of Ashenzari.
             Mangled by an orc warrior
             ... wielding a +2 dire flail of holy wrath
              (11 damage)
             ... on level 8 of the Dungeon.
             The game lasted 00:08:42 (8544 turns).

SigmundSlayer the Digger (DsEE)                     Turns: 8544, Time: 00:08:43

Health: -9/57      AC:  8    Str: 13    XL:     9   Next: 15%
Magic:  12/19      EV:  7    Int: 16    God:    Ashenzari [*.....]
Gold:   410        SH: 12    Dex: 14    Spells: 17/21 levels left

rFire   . . .      SeeInvis .    E - +1 short sword (venom)
rCold   + . .      Faith    .    c - +0 tower shield
rNeg    . . .      Spirit   .    G - +0 leather armour
rPois   .          Reflect  .    y - +0 helmet "Dismay of Ashenzari" {Fort, Elem} (curse)
rElec   .          Harm     .    A - +0 cloak
rCorr   .          Rampage  .    C - +0 pair of gloves
Will    .....                    (no boots)
Stlth   ++........               (no amulet)
HPRegen 0.19/turn                g - ring of the Omniscient Augurer {rC+, Alch, Elem} (curse)
MPRegen 0.16/turn                (no ring)

@: mighty
A: slimy green scales 1, demonic guardian 2, powered by pain 1
a: Renounce Religion, Curse Item, Shatter the Chains


You were on level 8 of the Dungeon.
You worshipped Ashenzari.
Ashenzari was aware of your devotion.
You visited 1 branch of the dungeon, and saw 8 of its levels.

You collected 410 gold pieces.

Inventory:

Hand Weapons
 E - a +1 short sword of venom (weapon)
Armour
 c - a +0 tower shield (worn)
 y - the cursed +0 helmet "Dismay of Ashenzari" (worn) {Fort, Elem}
   (You took it off Robin on level 3 of the Dungeon)

   It has a curse which improves the following skills: Fortitude: Armour and
   Shields.
   Elements:  Fire Magic, Ice Magic, Air Magic and Earth Magic.
 A - a +0 cloak (worn)
 C - a +0 pair of gloves (worn)
 G - a +0 leather armour (worn)
Jewellery
 g - the cursed ring of the Omniscient Augurer (left hand) {rC+, Alch, Elem}
   (You found it on level 1 of the Dungeon)

   [ring of protection from cold]

   rC:        It protects you from cold.
   It has a curse which improves the following skills: Alchemy: Poison Magic and
   Transmutations.
   Elements:  Fire Magic, Ice Magic, Air Magic and Earth Magic.
Wands
 v - a wand of flame (12)
 B - a wand of mindburst (15)
 D - a wand of iceblast (9)
Scrolls
 b - 2 scrolls of teleportation
 k - 2 scrolls of enchant weapon
 m - 2 scrolls of enchant armour
 o - 3 scrolls of noise
 r - 2 scrolls of blinking
 s - 6 scrolls of identify
 u - a scroll of amnesia
 w - a scroll of torment
 x - a scroll of immolation
 z - 2 scrolls of magic mapping
Potions
 d - a potion of resistance
 e - a potion of attraction
 f - a potion of brilliance
 h - 4 potions of curing
 i - 2 potions of lignification
 j - a potion of heal wounds
 l - 2 potions of ambrosia
 n - 2 potions of magic
 p - 2 potions of flight
 q - 2 potions of degeneration
 t - 3 potions of mutation
 F - a potion of berserk rage


   Skills:
 + Level 0.0 Armour
 - Level 1.7 Dodging
 - Level 1.7 Stealth
 + Level 2.2(2.9) Shields
 + Level 6.7 Spellcasting
 - Level 0.8(1.3) Transmutations
 + Level 4.5(5.8) Ice Magic
 + Level 7.9(9.2) Earth Magic


You had 17 spell levels left.
You knew the following spells:

 Your Spells              Type           Power      Damage    Failure   Level
a - Sandblast             Erth           70%        2d15      4%          1
b - Frozen Ramparts       Ice            46%        1d7       52%         3

Your spell library contained the following spells:

 Spells                   Type           Power      Damage    Failure   Level
 Passwall                 Tmut/Erth      18%        N/A       36%         2
 Stone Arrow              Conj/Erth      40%        3d9       69%         3
 Wereblood                Tmut           9%         N/A       88%         2
 Slow                     Hex            20%        N/A       91%         1
 Petrify                  Tmut/Erth      22%        N/A       94%         4
 Blink                    Tloc           10%        N/A       97%         2
 Sublimation of Blood     Necr           5%         N/A       97%         2
 Animate Armour           Summ/Erth      40%        N/A       97%         4
 Ice Form                 Ice/Tmut       16%        N/A       99%         4
 Confusing Touch          Hex            5%         N/A       100%        3
 Vampiric Draining        Necr           5%         2d6       100%        3
 Manifold Assault         Tloc           5%         N/A       100%        4
 Summon Ice Beast         Ice/Summ       14%        N/A       100%        4
 Storm Form               Tmut/Air       3%         N/A       100%        7
 Summon Hydra             Summ           2%         N/A       100%        7
 Lehudib's Crystal Spear  Conj/Erth      10%        10d4      100%        8


Dungeon Overview and Level Annotations

Branches:
Dungeon (8/15)             Temple (0/1) D:6
   Lair: D:8-11

Altars:
Ashenzari
Cheibriados
Dithmenos
Fedhas
Hepliaklqana
Ru
Trog
Wu Jian

Shops:
D:4 (   D:7 (


Innate Abilities, Weirdness & Mutations

You are partially covered in slimy green scales. (AC +2)
A demonic guardian rushes to your aid.
You sometimes gain a little power by taking damage.


Message History

The orc hits your hellwing but does no damage.
Your hellwing hits the orc warrior!
Your hellwing closely misses the orc warrior.
The orc warrior closely misses your hellwing.
The orc throws a boomerang.
The boomerang closely misses your hellwing.
You block the boomerang.
Your magical contamination has completely faded away.
Your hellwing closely misses the orc warrior.
Your hellwing completely misses the orc warrior.
The orc warrior barely misses your hellwing.
The orc hits your hellwing but does no damage.
Your hellwing hits the orc!
The orc dies!
The orc warrior hits your hellwing with a +2 dire flail of holy wrath.
Your hellwing convulses.
The orc warrior hits your hellwing with a +2 dire flail of holy wrath!
Your hellwing convulses!
Your hellwing dies!
Your hellwing disappears in a puff of smoke!
The blast of sand hits the orc warrior but does no damage.
The orc warrior is heavily wounded.
The blast of sand hits the orc warrior but does no damage.
The orc warrior is heavily wounded.
You block the orc warrior's attack. x2
The blast of sand hits the orc warrior but does no damage.
The orc warrior is heavily wounded.
You block the orc warrior's attack.
Aiming: Sandblast (safe; 4% risk of failure)
Press: ? - help, Q - select action, (/) - cycle Shift-Dir - straight line, f/p - orc warrior
Aim: an orc warrior, wielding a +2 dire flail of holy wrath and wearing a +0 plate armour (heavily wounded, 84% to hit)
The blast of sand hits the orc warrior but does no damage.
The orc warrior is heavily wounded.
The orc warrior hits you with a +2 dire flail of holy wrath!
You convulse!
* * * LOW HITPOINT WARNING * * *
A demonic guardian appears!
You focus on the pain.
You feel very mighty all of a sudden.
The orc warrior hits you with a +2 dire flail of holy wrath!
You die...

#....#
#....#......#
#....#......#
#)...#......#
#....#......#
#..(.#......#
#..).#.....
#o##..#
...####@##<.##.##.
..................
.........4........
..................
..................
..................
.....#......##...#
#########+### ...#
...


You could see an orc warrior (ally target) and a friendly orange demon
(summoned).

Vanquished Creatures
  Grinder (D:3)
  Sigmund (D:3)
  Menkaure (D:5)
  A steam dragon (D:6)
  Duvessa (D:5)
  A water moccasin (D:7)
  An orc warrior (D:7)
  A centaur (D:7)
  An ogre (D:5)
  3 vampire bats (D:3)
  3 hounds
  5 orc priests
  Crazy Yiuf (D:5)
  4 jellies
  3 iguanas
  3 orc wizards
  Robin (D:3)
  3 gnolls (D:4)
  8 adders
  A white imp (D:7)
  3 ufetubi
  2 worms
  2 dart slugs
  14 orcs
  7 endoplasms
  2 giant cockroaches
  15 goblins
  5 hobgoblins
  10 jackals (D:2)
  4 kobolds
  2 quokkas (D:1)
  10 ball pythons
  9 bats
  4 frilled lizards (D:1)
  3 rats
  A butterfly (D:6)
137 creatures vanquished.

Vanquished Creatures (collateral kills)
  A black bear (D:5)
  An ogre (D:4)
  A scorpion (D:5)
  Dowan (D:5)
  2 orcs
6 creatures vanquished.

Grand Total: 143 creatures vanquished

Notes
Turn   | Place    | Note
-------+----------+-------------------------------------------
     0 | D:1      | SigmundSlayer the Demonspawn Earth Elementalist began the
                  | quest for the Orb.
     0 | D:1      | Reached XP level 1. HP: 13/13 MP: 3/3
    85 | D:1      | Reached skill level 3 in Earth Magic
   177 | D:1      | Gained mutation: A weak demonic guardian rushes to your
                  | aid. [demonic ancestry]
   177 | D:1      | Reached XP level 2. HP: 19/19 MP: 3/5
   978 | D:1      | Reached XP level 3. HP: 24/24 MP: 3/6
  1245 | D:2      | Found a faded altar of an unknown god.
  1249 | D:2      | Prayed at the altar of an unknown god.
  1249 | D:2      | Became a worshipper of Ashenzari the Shackled
  1392 | D:2      | Reached skill level 4 in Earth Magic
  2325 | D:3      | Noticed Grinder
  2329 | D:3      | Killed Grinder
  2330 | D:3      | Reached skill level 5 in Earth Magic
  2330 | D:3      | Gained mutation: A demonic guardian rushes to your aid.
                  | [demonic ancestry]
  2330 | D:3      | Reached XP level 4. HP: 12/30 MP: 2/9
  2330 | D:3      | Reached XP level 5. HP: 14/35 MP: 2/10
  2535 | D:3      | Found a blossoming altar of Fedhas.
  2605 | D:3      | Noticed Sigmund
  2608 | D:3      | Killed Sigmund
  2609 | D:3      | Reached XP level 6. HP: 41/41 MP: 8/12
  2700 | D:3      | Reached skill level 6 in Earth Magic
  2846 | D:3      | Noticed Robin
  2854 | D:3      | Gained mutation: You sometimes gain a little power by
                  | taking damage. [demonic ancestry]
  2854 | D:3      | Reached XP level 7. HP: 46/46 MP: 9/13
  2856 | D:3      | Killed Robin
  3580 | D:3      | Learned a level 3 spell: Frozen Ramparts
  3872 | D:4      | Reached skill level 1 in Ice Magic
  4123 | D:4      | Found Janwath's Weapon Shoppe.
  4191 | D:4      | Found a shadowy altar of Dithmenos.
  4199 | D:4      | Reached skill level 5 in Spellcasting
  4737 | D:5      | Entered Level 5 of the Dungeon
  4740 | D:5      | Noticed Duvessa
  4750 | D:5      | Killed Duvessa
  4750 | D:5      | Noticed Dowan
  4755 | D:5      | Killed Dowan
  4756 | D:5      | Reached XP level 8. HP: 19/52 MP: 12/16
  5026 | D:5      | Reached skill level 7 in Earth Magic
  5315 | D:3      | Reached * piety under Ashenzari
  5620 | D:5      | Found a runed translucent door.
  5621 | D:5      | Noticed Crazy Yiuf
  5753 | D:5      | Noticed Menkaure
  5758 | D:5      | Killed Menkaure
  5810 | D:5      | Found a hazy altar of Hepliaklqana.
  6044 | D:5      | Killed Crazy Yiuf
  6342 | D:6      | Found a bloodstained altar of Trog.
  6613 | D:6      | Found a staircase to the Ecumenical Temple.
  6955 | D:6      | Found an ornate altar of the Wu Jian Council.
  6959 | D:6      | Reached skill level 1 in Shields
  7392 | D:7      | Found a sacrificial altar of Ru.
  7414 | D:7      | Gained mutation: You are partially covered in slimy green
                  | scales. (AC +2) [demonic ancestry]
  7414 | D:7      | Reached XP level 9. HP: 57/57 MP: 15/18
  7679 | D:7      | Found Ufipagir's Weapon Shoppe.
  7848 | D:7      | Found a snail-covered altar of Cheibriados.
  8544 | D:8      | HP: 2/57 [orc warrior/+2 dire flail of holy wrath (17)]
  8544 | D:8      | Mangled by an orc warrior

Illustrated notes

Levels and vault maps discovered:
D:1:      nzn_arrival_settlement, layout_basic, minmay_domino_4
D:2:      layout_loops_corners, hellmonk_ecumenical_altar_inner_sanctum,
          kennysheep_big_empty_room
D:3:      layout_basic, lemuel_crystal_altar, roderic_batcave, uniq_robin,
          uniq_grinder, uniq_sigmund
D:4:      layout_loops_cross, nicolae_dithmenos_through_a_glass_darkly,
          serial_shops, nicolae_shop_behind_doors
D:5:      cheibrodos_quashed, layout_gridville,
          mainiacjoe_overflow_six_doors_small, moated_statue, uniq_duvessa,
          uniq_crazy_yiuf_cottage, uniq_menkaure
D:6:      layout_basic, lemuel_tele_altar, gammafunk_temple_overflow_pools,
          minmay_temple_entry_butterflies, st_stairs_14
D:7:      layout_loops_corners, lemuel_crystal_altar,
          mainiacjoe_overflow_alcove_1, serial_shops, shop
D:8:      layout_gridville, lair_entry_dummy

Skill      XL: |  1  2  3  4  5  6  7  8  9 |
---------------+----------------------------+-----
Earth Magic    | 3 5 6 7 |  7.9
Spellcasting   | 3 4 5 6 |  6.7
Ice Magic      | 2 4 |  4.5
Shields        | 1 2 |  2.2
Dodging        | |  1.7
Stealth        | |  1.7
Transmutations | |  0.8

Action                   |  1- 3 |  4- 6 |  7- 9 || total
-------------------------+-------+-------+-------++-------
Melee: Unarmed           |     1 |       |     1 ||     2
       Short sword       |       |       |     1 ||     1
 Cast: Sandblast         |    70 |    21 |   155 ||   246
       Frozen Ramparts   |       |       |     2 ||     2
Invok: Curse Item        |     1 |       |     1 ||     2
  Use: Potion            |     1 |       |     2 ||     3
       Scroll            |       |       |     2 ||     2
Armor: Robe              |     9 |    12 |    16 ||    37
       Leather armour    |       |       |     1 ||     1
Dodge: Dodged            |    37 |    18 |    41 ||    96
Block: Tower shield      |       |       |    27 ||    27

Table legend: (Time is in decaauts)
 A = Elapsed time spent in this place.
 B = Non-inter-level travel time spent in this place.
 C = Inter-level travel time spent in this place.
 D = Time resting spent in this place.
 E = Time spent auto-exploring this place.
 F = Levels seen in this place.
 G = Mean time per level.
                   A        B        C        D        E       F      G
               +--------+--------+--------+--------+--------+-----+--------+
         Total |   8668 |   8329 |    339 |   1461 |   6012 |   8 | 1083.5 |
       Dungeon |   8668 |   8329 |    339 |   1461 |   6012 |   8 | 1083.5 |
               +--------+--------+--------+--------+--------+-----+--------+

Top non-repeatable levels by time:
     D:3: 1480 daAuts
     D:5: 1374 daAuts
     D:7: 1226 daAuts
     D:4: 1189 daAuts
     D:6: 1155 daAuts
     D:1: 1111 daAuts
     D:2: 1098 daAuts
     D:8: 31 daAuts
